Map: Odyssey LE

Players

HEMORRHOIDS

  • Race: Protoss Protoss
  • League: Diamond
  • Spawn Location: 5:00

WHO - Winner!

  • Race: Zerg Zerg
  • League: Diamond
  • Spawn Location: 11:00

VOD

Have the link to the VOD?

Description

Time

  • Played on: May 13, 2017, 4:36 p.m.
  • Length: 22:26
Show
View Real Time Build Order
Export as new Build Order

HEMORRHOIDS Protoss 

Build Orders:  

Get SALT Encoding   

  12  0:01  Probe (Chrono Boost)  
  13  0:11  Probe (Chrono Boost)  
  14  0:22  Probe (Chrono Boost)  
  14  0:27  Pylon  
  15  0:45  Probe (Chrono Boost)  
  16  0:54  Forge  
  16  0:56  Probe (Chrono Boost)  
  17  1:06  Probe (Chrono Boost)  
  18  1:17  Probe (Chrono Boost)  
  19  1:27  Probe (Chrono Boost)  
  19  1:28  Gateway  
  20  1:38  Probe (Chrono Boost)  
  21  1:40  Photon Cannon  
  21  1:59  Photon Cannon  
  21  2:02  Photon Cannon  
  21  2:22  Pylon  
  21  2:32  Pylon  
  21  2:33  Cybernetics Core  
  21  2:36  Assimilator  
  21  2:40  Assimilator  
  21  2:54  Photon Cannon  
  21  3:09  Probe (Chrono Boost)  
  21  3:12  Nexus  
  22  3:16  Nexus  
  22  3:19  Pylon  
  22  3:20  Probe (Chrono Boost)  
  22  3:23  Zealot  
  25  3:30  Probe (Chrono Boost)  
  26  3:40  Stargate  
  26  3:41  Probe (Chrono Boost)  
  27  3:51  Probe (Chrono Boost)  
  28  3:57  Assimilator  
  28  4:02  Assimilator  
  28  4:04  Mothership Core (Chrono Boost)  
  30  4:11  Photon Cannon  
  29  4:21  Photon Cannon  
  29  4:39  Stargate  
  29  4:56  Probe (Chrono Boost)  
  29  4:59  Probe (Chrono Boost)  
  31  5:22  Void Ray  
  35  5:31  Void Ray  
  39  5:41  Probe (Chrono Boost)  
  40  5:51  Probe (Chrono Boost)  
  40  5:54  Pylon  
  41  6:05  Void Ray  
  36  6:19  Probe (Chrono Boost)  
  37  6:30  Probe (Chrono Boost)  
  38  6:38  Void Ray  
  36  6:40  Probe (Chrono Boost)  
  36  6:41  Probe (Chrono Boost)  
  42  6:52  Probe (Chrono Boost)  
  43  7:02  Void Ray  
  47  7:34  Void Ray  
  51  7:53  Photon Cannon  
  51  8:02  Photon Cannon  
  51  8:19  Void Ray  
  55  8:32  Probe (Chrono Boost)  
  56  8:44  Probe (Chrono Boost)  
  58  8:57  Probe (Chrono Boost)  
  53  9:17  Oracle  
  53  9:21  Oracle  
  58  9:48  Oracle  
  58  9:57  Oracle, Photon Cannon  
  58  9:58  Pylon  
  64  10:06  Pylon  
  64  10:08  Pylon  
  64  10:10  Stargate  
  62  10:18  Probe (Chrono Boost)  
  62  10:19  Oracle  
  67  10:30  Probe (Chrono Boost)  
  67  10:33  Oracle  
  70  10:42  Probe (Chrono Boost)  
  71  10:50  Oracle  
  71  10:56  Oracle  
  77  11:27  Oracle  
  80  11:36  Oracle  
  81  12:06  Oracle  
  78  12:33  Probe (Chrono Boost)  
  78  12:36  Oracle  
  84  12:44  Probe (Chrono Boost)  
  84  12:46  Probe (Chrono Boost)  
  84  12:55  Probe (Chrono Boost)  
  84  12:58  Probe (Chrono Boost)  
  83  13:13  Oracle  
  86  13:28  Nexus  
  86  13:31  Photon Cannon  
  86  13:32  Photon Cannon  
  86  14:00  Oracle  
  86  14:07  Probe (Chrono Boost)  
  86  14:34  Fleet Beacon, Oracle  
  86  14:41  Probe (Chrono Boost)  
  88  14:53  Probe (Chrono Boost)  
  88  15:05  Probe (Chrono Boost)  
  88  15:06  Carrier  
  89  15:08  Probe (Chrono Boost)  
  89  15:11  Pylon  
  90  15:14  Pylon  
  90  15:17  Probe (Chrono Boost), Carrier  
  90  15:18  Probe (Chrono Boost)  
  99  15:29  Probe x2 (Chrono Boost), Carrier  
  106  15:39  Probe (Chrono Boost)  
  106  15:41  Probe (Chrono Boost)  
  108  15:50  Probe (Chrono Boost)  
  108  15:54  Probe (Chrono Boost)  
  107  16:00  Probe (Chrono Boost)  
  108  16:18  Stargate  
  108  16:20  Stargate  
  108  16:22  Assimilator  
  108  16:24  Assimilator  
  108  17:01  Carrier  
  108  17:06  Probe (Chrono Boost)  
  115  17:18  Probe (Chrono Boost)  
  115  17:21  Carrier  
  117  17:30  Probe (Chrono Boost)  
  113  18:03  Carrier  
  115  18:29  Pylon  
  115  18:31  Pylon  
  115  18:39  Carrier  
  115  18:42  Pylon  
  115  18:43  Pylon  
  115  18:45  Pylon  
  115  18:46  Carrier  
  121  18:48  Pylon  
  121  18:51  Pylon  
  121  18:53  Carrier  
  121  19:04  Carrier  
  126  20:05  Carrier  
  132  20:12  Carrier  
  144  20:40  Stargate  
  119  21:36  Void Ray x2  
  119  21:38  Void Ray  
  131  21:53  Nexus  
Show
View Real Time Build Order
Export as new Build Order

WHO Zerg - Winner!

Build Orders: Hatch First 

Get SALT Encoding   

  12  0:01  Drone  
  13  0:12  Overlord  
  13  0:18  Drone  
  14  0:33  Drone x2  
  16  0:38  Drone  
  17  0:47  Drone  
  18  1:10  Hatchery  
  17  1:13  Spawning Pool  
  17  1:15  Extractor  
  17  1:16  Drone  
  16  1:22  Drone x2  
  18  1:36  Drone  
  19  1:40  Overlord  
  19  2:00  Queen  
  21  2:01  Zergling x4  
  23  2:15  Metabolic Boost  
  23  2:17  Zergling x2  
  24  2:25  Drone  
  27  2:35  Drone x2  
  29  2:43  Drone, Spine Crawler  
  27  2:55  Overlord  
  27  3:07  Evolution Chamber  
  27  3:10  Zergling x8  
  27  3:11  Overlord  
  30  3:19  Zergling x2  
  31  3:40  Hatchery  
  30  3:44  Zergling x10  
  35  3:52  Hatchery  
  34  4:00  Zergling x2  
  35  4:07  Zergling x2  
  36  4:14  Drone x3  
  38  4:19  Drone  
  39  4:30  Drone  
  40  4:32  Queen  
  42  4:40  Zerg Melee Weapons Level 1, Baneling Nest  
  42  4:45  Drone x2  
  40  4:55  Pneumatized Carapace, Drone  
  40  4:56  Drone x3  
  43  5:07  Drone  
  43  5:15  Drone x2  
  43  5:20  Drone  
  46  5:25  Drone  
  46  5:26  Drone  
  48  5:40  Drone x4  
  48  5:41  Drone x2  
  53  5:52  Baneling x5, Overlord x2  
  53  5:56  Overlord  
  53  5:59  Extractor  
  52  6:07  Drone x5  
  52  6:10  Overlord x2  
  53  6:21  Drone x3  
  55  6:28  Drone x3  
  55  6:29  Extractor, Drone x6  
  62  6:36  Baneling x3  
  62  6:37  Baneling x4  
  60  6:49  Drone x4  
  60  6:52  Spore Crawler  
  63  7:00  Roach Warren, Overlord x2  
  62  7:01  Lair  
  62  7:02  Drone x5  
  62  7:03  Drone  
  62  7:05  Spore Crawler  
  62  7:06  Extractor x2  
  65  7:12  Overlord  
  65  7:13  Drone x2  
  65  7:14  Drone x3  
  70  7:23  Drone x2  
  70  7:24  Drone  
  73  7:33  Evolution Chamber  
  72  7:37  Evolution Chamber  
  72  7:39  Overlord  
  72  7:41  Overlord x2  
  72  7:56  Spore Crawler x2  
  72  7:58  Spore Crawler  
  68  8:03  Overlord x3  
  68  8:05  Hydralisk Den  
  65  8:14  Overlord  
  65  8:30  Hatchery  
  65  8:33  Hydralisk x11  
  65  8:34  Hydralisk  
  80  8:38  Hatchery, Hydralisk  
  89  8:52  Hydralisk  
  91  9:01  Hydralisk  
  90  9:06  Hydralisk  
  92  9:10  Queen  
  94  9:18  Hatchery  
  94  9:21  Hydralisk  
  95  9:28  Hydralisk Den  
  92  9:41  Overlord x2  
  92  9:58  Hydralisk x3  
  98  10:03  Spore Crawler, Hydralisk x2  
  98  10:06  Spore Crawler  
  99  10:15  Hydralisk x2  
  99  10:20  Spore Crawler, Extractor  
  99  10:21  Extractor  
  100  10:22  Spore Crawler  
  99  10:32  Zerg Ground Armor Level 1, Zerg Missile Weapons Level 1  
  99  10:33  Drone x4  
  103  10:39  Muscular Augments  
  103  10:42  Drone x4  
  107  10:46  Overseer  
  107  10:52  Drone x3  
  110  11:03  Drone x2  
  110  11:04  Drone x4  
  116  11:14  Spore Crawler  
  116  11:15  Drone x2  
  117  11:31  Drone x2  
  119  11:33  Drone  
  119  11:34  Hatchery  
  117  11:41  Overlord  
  117  11:42  Overlord x2  
  117  11:45  Overlord x2  
  117  11:51  Infestation Pit  
  96  12:02  Hydralisk  
  96  12:03  Hydralisk x2  
  96  12:06  Spore Crawler  
  96  12:07  Hydralisk  
  96  12:08  Spore Crawler  
  76  12:10  Spore Crawler  
  76  12:12  Hydralisk  
  76  12:14  Hydralisk  
  79  12:16  Hydralisk x3  
  79  12:17  Queen x2  
  79  12:21  Queen  
  85  12:25  Spore Crawler, Hydralisk  
  85  12:37  Drone x2  
  85  12:38  Drone x3  
  90  12:47  Pathogen Glands  
  90  12:53  Queen  
  92  13:03  Infestor x6  
  92  13:04  Infestor  
  106  13:09  Drone x3  
  109  13:15  Infestor  
  109  13:17  Drone x2  
  113  13:20  Zerg Ground Armor Level 2  
  113  13:23  Overseer  
  113  13:44  Hydralisk x3  
  113  13:45  Hydralisk  
  121  13:52  Overlord  
  121  13:53  Overlord  
  121  13:54  Hatchery  
  120  14:13  Hydralisk  
  120  14:14  Hydralisk x7  
  133  14:29  Hatchery  
  133  14:31  Infestor  
  134  14:45  Infestor x2  
  132  14:59  Zerg Missile Weapons Level 2  
  132  15:07  Burrow  
  132  15:08  Hatchery  
  132  15:13  Spore Crawler  
  130  15:22  Neural Parasite  
  130  15:39  Drone x2  
  130  15:40  Drone  
  133  15:50  Spore Crawler  
  133  15:51  Spore Crawler  
  133  15:52  Hatchery  
  130  16:00  Drone  
  130  16:01  Drone x11  
  142  16:19  Hive  
  142  16:27  Drone  
  142  16:28  Drone x8  
  142  16:29  Extractor  
  142  16:31  Extractor  
  142  16:32  Spore Crawler  
  148  16:33  Spore Crawler  
  147  16:42  Spore Crawler  
  147  16:43  Zergling x4  
  148  16:52  Spore Crawler  
  147  17:00  Spore Crawler  
  147  17:01  Spore Crawler  
  145  17:04  Zergling x4  
  145  17:06  Hydralisk x9  
  165  17:21  Baneling  
  165  17:22  Baneling x2  
  165  17:23  Baneling  
  165  17:24  Hatchery  
  164  17:38  Spore Crawler  
  164  17:39  Spore Crawler, Zerg Ground Armor Level 3, Zerg Missile Weapons Level 3  
  164  17:40  Viper x2  
  168  17:44  Overlord x2  
  168  18:11  Extractor x2  
  166  18:13  Hatchery, Extractor  
  164  18:21  Viper  
  164  18:22  Viper x3  
  176  18:30  Spore Crawler  
  176  18:33  Spore Crawler  
  176  18:34  Spore Crawler x2  
  172  18:39  Drone x8  
  180  18:56  Overseer  
  180  18:57  Overseer x4  
  180  19:36  Spore Crawler  
  180  19:37  Spore Crawler  
  179  19:52  Drone  
  179  19:53  Drone x4  
  181  20:18  Hydralisk x4  
  181  20:20  Overlord x2  
  189  20:36  Hatchery  
  186  21:05  Overlord  
  173  21:35  Extractor  
  172  21:42  Zergling x2  
  173  21:50  Hydralisk x10  
  173  21:51  Hydralisk x3  
Tags
 
Add a new tag
Caveats
  • Supply blocks, unpowered buildings, or Contaminate may cause inaccurate times.
  • Supply counts are checked every 10 seconds.